 Dungeon Crawl Stone Soup version 0.25-b1-38-g32f9adbbe0 (webtiles) character file.

Game seed: 6856643190994596636

1625 Pagrim the Chopper (level 8, -11/70 HPs)
             Began as a Hill Orc Skald on June 7, 2020.
             Was a Follower of Qazlal.
             Killed from afar by Ijyb (20 damage)
             ... with a bolt of acid
             ... on level 5 of the Dungeon.
             The game lasted 01:37:01 (8243 turns).

Pagrim the Chopper (Hill Orc Skald)                 Turns: 8243, Time: 01:37:02

Health: -11/70     AC:  5    Str: 16    XL:     8   Next: 97%
Magic:  9/13       EV: 10    Int: 13    God:    Qazlal [*.....]
Gold:   207        SH:  1    Dex: 16    Spells: 11/14 levels left

rFire    . . .     SeeInvis .   a - +1 hand axe
rCold    . . .     Gourm    .   (no shield)
rNeg     . . .     Faith    .   t - +0 scale mail
rPois    .         Spirit   .   u - +0 helmet
rElec    .         Reflect  .   (no cloak)
rCorr    .         Harm     .   (no gloves)
MR       .....     Rnd*Tele +   B - +0 pair of boots
Stlth    ..........             v - amulet of magic regeneration
HPRegen  0.21/turn              n - +6 ring of dexterity
MPRegen  0.38/turn              p - ring of teleportation (curse)

@: infused, singing, corroded
A: no striking features
a: Renounce Religion


You were on level 5 of the Dungeon.
You worshipped Qazlal.
Qazlal was aware of your devotion.
You were not hungry.

You visited 2 branches of the dungeon, and saw 6 of its levels.

You collected 251 gold pieces.
You spent 44 gold pieces at shops.

Inventory:

Hand Weapons
 a - a +1 hand axe (weapon)
 s - a +0 flail
 C - a +2 whip of freezing
 H - a +0 war axe
Missiles
 g - 16 bolts
 k - 161 stones (quivered)
 y - a throwing net
 D - 21 arrows
Armour
 b - a +0 leather armour
 f - a +0 ring mail
 o - a +1 ring mail
 q - a +0 helmet
 t - a +0 scale mail (worn)
 u - a +0 helmet (worn)
 w - a +0 scale mail
 B - a +0 pair of boots (worn)
Magical Staves
 A - an uncursed staff of conjuration {unknown}
Jewellery
 n - a +6 ring of dexterity (left hand)
 p - a cursed ring of teleportation (right hand)
 v - an amulet of magic regeneration (around neck)
 x - an uncursed ring of ice
 G - an uncursed ring of magical power
Wands
 h - a wand of random effects (12)
Scrolls
 r - a scroll of enchant armour
 I - a scroll of magic mapping
 K - a scroll of fog {unknown}
Potions
 c - a potion of stabbing {unknown}
 e - 2 potions of curing
 i - a potion of brilliance {unknown}
 j - a potion of berserk rage {unknown}
 l - a potion of lignification {unknown}
 m - a potion of resistance {unknown}
 z - a potion of mutation {unknown}
 E - 2 potions of might {unknown}
 F - 2 potions of flight {unknown}
Comestibles
 d - 7 rations
 J - 12 chunks of flesh


   Skills:
 + Level 6.2 Fighting
 + Level 6.8 Axes
 + Level 5.2 Armour
 - Level 2.2 Dodging
 + Level 3.9 Spellcasting
 + Level 5.2 Charms


You had 11 spell levels left.
You knew the following spells:

 Your Spells              Type           Power        Failure   Level  Hunger
a - Infusion              Chrm           ###.         9%          1    None
b - Song of Slaying       Chrm           ###.....     12%         2    ##.....

Your spell library contained the following spells:

 Spells                   Type           Power        Failure   Level  Hunger
 Shroud of Golubria       Chrm/Tloc      #.....       34%         2    ##.....
 Ozocubu's Armour         Chrm/Ice       #.......     56%         3    ###....
 Spectral Weapon          Hex/Chrm       #.......     56%         3    ###....


Dungeon Overview and Level Annotations

Branches:
Dungeon (5/15)             Temple (1/1) D:4

Altars:
Ashenzari
Cheibriados
Dithmenos
Elyvilon
Fedhas
Gozag
Hepliaklqana
Kikubaaqudgha
Makhleb
Nemelex Xobeh
Okawaru
Qazlal
Ru
Sif Muna
Trog
Uskayaw
Vehumet
Xom
Yredelemnul
The Shining One

Shops:
D:4 *

Annotations:
D:5 Ijyb


Message History

An orc wizard comes into view. It is wielding a +0 dagger.
You hit the orc!
You kill the orc!
Qazlal accepts your kill.
You slash the ogre!
The ogre is heavily wounded.
The ogre hits you with a +0 giant spiked club!!
You hit the ogre.
The ogre is severely wounded.
You barely miss the ogre.
The ogre is severely wounded.
The ogre hits you with a +0 giant spiked club!
You slash the ogre!
You kill the ogre!
Qazlal accepts your kill.
Ijyb zaps a wand.
The bolt of acid hits you. The acid corrodes you!
You are splashed with acid!
* * * LOW HITPOINT WARNING * * *
Ijyb zaps a wand.
The bolt of acid hits you!!
You die...

.. #.# . #.# ## .## #.###. .o#
#.##.# #S# #...## #g# ####.# #)#
##. #)# #. #. #@# #. #. ##.##
###. #> ########...### #...
####.###............# #)##
.....##.######...#.# #.#
#..##.#######.##.# #.#
#..........##.##.# #.#
#####.##.####.##.##.# #.#
.....#.#.#.......#..##########.##


You could see Ijyb, an orc wizard and an adder.

Vanquished Creatures
  Pikel (D:4)
  Menkaure (D:5)
  A slave (D:4)
  3 ogres
  4 scorpions (D:4)
  2 howler monkeys (D:4)
  2 crimson imps
  2 orc priests (D:4)
  2 hounds
  3 orc wizards
  4 worker ants
  A worker ant zombie (D:5)
  9 adders
  An ooze (D:2)
  4 worms
  3 dart slugs
  4 leopard geckos
  11 orcs
  12 giant cockroaches
  7 goblins
  9 hobgoblins
  10 jackals
  3 quokkas
  7 ball pythons
  A ball python skeleton (D:4)
  10 bats
  3 frilled lizards
  8 kobolds
  A quokka zombie (D:5)
  12 rats
  A butterfly (D:2)
142 creatures vanquished.

Vanquished Creatures (others)
  A slave (D:5)
1 creature vanquished.

Grand Total: 143 creatures vanquished

Notes
Turn   | Place    | Note
-------+----------+-------------------------------------------
     0 | D:1      | Pagrim the Hill Orc Skald began the quest for the Orb.
     0 | D:1      | Reached XP level 1. HP: 18/18 MP: 3/3
    48 | D:1      | Reached XP level 2. HP: 5/25 MP: 1/4
   870 | D:1      | Reached XP level 3. HP: 30/30 MP: 0/5
  1255 | D:1      | Learned a level 2 spell: Song of Slaying
  1839 | D:2      | Found a hide-covered altar of Uskayaw.
  1856 | D:2      | Noticed a +0 hand axe
  1857 | D:2      | Noticed a -2 dagger
  1865 | D:2      | Found a shimmering altar of Xom.
  2115 | D:2      | Reached XP level 4. HP: 27/38 MP: 3/6
  2470 | D:2      | Found a faded altar of an unknown god.
  2836 | D:2      | Reached XP level 5. HP: 34/45 MP: 2/8
  3075 | D:3      | Found a radiant altar of Vehumet.
  3917 | D:3      | Found a burning altar of Makhleb.
  4065 | D:3      | Reached XP level 6. HP: 52/52 MP: 9/9
  4757 | D:4      | Found a staircase to the Ecumenical Temple.
  5073 | D:4      | Reached XP level 7. HP: 38/59 MP: 5/11
  5160 | Temple   | Entered the Ecumenical Temple
  5165 | Temple   | Became a worshipper of Qazlal Stormbringer
  5220 | D:4      | Found a shimmering blue altar of Sif Muna.
  5302 | D:4      | Reached skill level 5 in Axes
  6069 | D:4      | Found Poskoxt's Assorted Antiques.
  6085 | D:4      | Bought a scroll of identify for 44 gold pieces
  6152 | D:4      | Reached skill level 5 in Fighting
  6316 | D:4      | Got an iridescent whip
  6474 | D:5      | Entered Level 5 of the Dungeon
  6603 | D:5      | Noticed Menkaure
  6606 | D:5      | Noticed Pikel
  6639 | D:4      | Killed Pikel
  6639 | D:4      | Reached XP level 8. HP: 21/70 MP: 8/13
  7353 | D:5      | Killed Menkaure
  7723 | D:5      | Reached skill level 5 in Charms
  8071 | D:5      | Reached skill level 5 in Armour
  8232 | D:5      | Noticed Ijyb
  8233 | D:5      | Reached * piety under Qazlal
  8243 | D:5      | Killed from afar by Ijyb

Illustrated notes

Levels and vault maps discovered:
D:1:      lemuel_arrival_behind_the_door_small, layout_basic,
          minmay_tetromino_s2
D:2:      minmay_chambers_of_twos, layout_loops_ring, xom_butterflies,
          dancing_weapons_uskayaw, chequers_ecumenical_altar_simple_redux,
          minmay_tiny_reverse_x
D:3:      layout_loops_ring, fiery_altar_vehumet, lemuel_round_altar
D:4:      layout_loops_cross, nicolae_overflow_hidden_temple,
          minmay_temple_entry_proselytizer, serial_shops, shop,
          minmay_close_crescents
D:5:      layout_loops_ring, lemuel_round_altar, first_ration, minmay_circle_x,
          uniq_ijyb, uniq_pikel, uniq_menkaure
Temple:   minmay_freezing_vapour_temple

Skill      XL: |  1  2  3  4  5  6  7  8 |
---------------+-------------------------+-----
Charms         | 3 4 5 |  5.2
Axes           | 3 4 6 |  6.8
Fighting       | 3 4 5 6 |  6.2
Spellcasting   | 2 3 |  3.9
Dodging        | 2 |  2.2
Armour         | 2 3 4 5 |  5.2

Action                   |  1- 3 |  4- 6 |  7- 9 || total
-------------------------+-------+-------+-------++-------
Melee: Hand axe          |   138 |   208 |   178 ||   524
 Cast: Infusion          |    16 |    16 |    23 ||    55
       Song of Slaying   |     2 |     4 |     3 ||     9
  Use: Scroll            |     4 |     6 |     5 ||    15
       Potion            |       |       |     4 ||     4
  Eat: Chunk             |     4 |    11 |     8 ||    23
       Ration            |       |       |     1 ||     1
Armor: Leather armour    |    16 |       |       ||    16
       Ring mail         |    33 |    30 |       ||    63
       Scale mail        |       |    50 |    64 ||   114
Dodge: Dodged            |    62 |    92 |    89 ||   243
